 Dungeon Crawl Stone Soup version 0.27-a0-860-gaf99fae3ca (webtiles) character file.

Game seed: 1168636553870015961

3 ALLice the Vexing (level 1, 0/7 HPs)
             Began as a Felid Enchanter on Apr 1, 2021.
             Slain by a quokka (4 damage)
             ... on level 1 of the Dungeon.
             The game lasted 00:01:21 (151 turns).

ALLice the Vexing (Felid Enchanter)                  Turns: 151, Time: 00:01:22

Health: 0/7        AC:  1    Str:  4    XL:     1   Next: 41%
Magic:  3/4        EV: 17    Int: 16    God:
Gold:   0          SH:  0    Dex: 16    Spells: 3/4 levels left
                                        Lives:  0   Deaths: 0

rFire    . . .     SeeInvis +     - Unarmed
rCold    . . .     Faith    .   (shield unavailable)
rNeg     . . .     Spirit   .   (armour unavailable)
rPois    .         Reflect  .   (helmet unavailable)
rElec    .         Harm     .   (cloak unavailable)
rCorr    .         Rampage  .   (gloves unavailable)
Will     .....                  (boots unavailable)
Stlth    +++.......             (no amulet)
HPRegen  0.02/turn              (no ring)
MPRegen  0.09/turn              (no ring)

@: quick
A: very small, claws 1, fangs 3, see invisible, speed 1, shaggy fur 1, stealthy
paws, no weapons or thrown items, no armour, multi-lived
a: no special abilities


You were on level 1 of the Dungeon.
You visited 1 branch of the dungeon, and saw 1 of its levels.

Inventory:

Scrolls
 b - a scroll of holy word {unknown}
Potions
 a - a potion of lignification {unknown}


   Skills:
 + Level 0.1 Fighting
 + Level 2.7 Dodging
 + Level 4.0 Stealth
 + Level 1.0 Unarmed Combat
 + Level 2.0 Spellcasting
 + Level 4.5 Hexes


You had 3 spell levels left.
You knew the following spells:

 Your Spells              Type           Power      Damage    Failure   Level
a - Corona                Hex            17%        N/A       3%          1

Your spell library contained the following spells:

 Spells                   Type           Power      Damage    Failure   Level
 Confusing Touch          Hex            16%        N/A       10%         3
 Tukima's Dance           Hex            16%        N/A       10%         3
 Ensorcelled Hibernation  Hex/Ice        16%        N/A       12%         2
 Dazzling Flash           Conj/Hex       16%        N/A       24%         3


Dungeon Overview and Level Annotations

Branches:
Dungeon (1/15)

Altars:


Innate Abilities, Weirdness & Mutations

You have sharp claws.
You have razor-sharp teeth.
You have supernaturally acute eyesight. (SInv)
You cover ground quickly. (Speed+)
You are covered in fur. (AC +1)
Your stealthy paws help you sneak and pounce on unaware monsters.
You are incapable of wielding weapons or throwing items.
You cannot wear armour.
You gain extra lives every three experience levels.


Message History

Press: ? - help, Shift-Dir - straight line, f - rat
Aim: a rat (chance to affect: 69%)
The rat barely resists.
You closely miss the rat. The rat barely misses you.
You closely miss the rat. The rat bites you.
You scratch the rat.
The rat is severely wounded.
The rat closely misses you.
You scratch the rat.
You kill the rat!
You start resting.
Magic restored.
a - a pink potion
Found an escape hatch in the floor.
You open the door.
There is an open door here.
A hobgoblin comes into view.
You pounce on the unaware helpless hobgoblin!
You claw the hobgoblin!
You kill the hobgoblin!
You open the door.
There is an open door here.
You open the door.
A giant cockroach comes into view.
Found 3 javelins.
Found a stone staircase leading down.
There is an open door here.
Found a scroll labelled QASAVV ZITZER.
Found 5 gold pieces.
A quokka comes into view.
Found 13 gold pieces.
You pounce on the unaware helpless giant cockroach!
You claw the giant cockroach!
You kill the giant cockroach!
You see here 3 javelins.
b - a scroll labelled QASAVV ZITZER
Casting: Corona (safe; 3% risk of failure)
Confirm with . or Enter, or press ? or * to list all spells.
Aiming: Corona (safe; 3% risk of failure)
Press: ? - help, Shift-Dir - straight line, f - quokka
Aim: a quokka (chance to affect: 71%)
The quokka is outlined in light.
You scratch the quokka.
The quokka is heavily wounded.
The quokka bites you. The quokka completely misses you.
You barely miss the quokka. Your bite misses the quokka.
The quokka is heavily wounded.
The quokka bites you.
Ouch! That really hurt!
You die...

... #.### ....
#########..######
...$............
#...........#
+...$.......+
#......@r...#
+...........#
#...........#
#...........#
#...(.......#
#...........#
#...........#
#....>......#
#...........#


You could see a quokka (corona).

Vanquished Creatures
  A giant cockroach (D:1)
  A hobgoblin (D:1)
  A rat (D:1)
3 creatures vanquished.

Notes
Turn   | Place    | Note
-------+----------+-------------------------------------------
     0 | D:1      | ALLice the Felid Enchanter began the quest for the Orb.
     0 | D:1      | Reached XP level 1. HP: 7/7 MP: 4/4
   151 | D:1      | Slain by a quokka

Illustrated notes

Levels and vault maps discovered:
D:1:      evilmike_arrival_hilbert_curve, layout_basic,
          ebering_ecumenical_altar_ruins, minmay_misc_feat_nine_boxes

Action                   || total
-------------------------++-------
Melee: Unarmed           ||     8
 Cast: Corona            ||     2
 Stab: Sleeping          ||     2
Dodge: Dodged            ||     3

Table legend: (Time is in decaauts)
 A = Elapsed time spent in this place.
 B = Non-inter-level travel time spent in this place.
 C = Inter-level travel time spent in this place.
 D = Time resting spent in this place.
 E = Time spent auto-exploring this place.
 F = Levels seen in this place.
 G = Mean time per level.
                   A        B        C        D        E       F      G
               +--------+--------+--------+--------+--------+-----+--------+
         Total |    125 |    125 |      0 |      7 |      0 |   1 |  125.0 |
       Dungeon |    125 |    125 |      0 |      7 |      0 |   1 |  125.0 |
               +--------+--------+--------+--------+--------+-----+--------+

Top non-repeatable levels by time:
     D:1: 125 daAuts
